Map: Thunderbird LE

Players

Mez

  • Race: Terran Terran
  • League: Master
  • Spawn Location: 5:00

général - Winner!

  • Race: Terran Terran
  • League: Master
  • Spawn Location: 11:00

VOD

Have the link to the VOD?

Description

Time

  • Played on: Aug. 10, 2019, 6:07 p.m.
  • Length: 16:29
Show
View Real Time Build Order
Export as new Build Order

Mez Terran 

Build Orders: Cyclone Opening 

Get SALT Encoding   

  12  0:00  SCV  
  13  0:13  SCV  
  14  0:17  Supply Depot  
  14  0:25  SCV  
  14  0:28  Refinery  
  15  0:38  SCV  
  16  0:45  Barracks  
  16  0:50  SCV  
  17  0:57  Refinery  
  17  1:02  SCV  
  18  1:14  SCV  
  19  1:27  SCV  
  20  1:32  Reaper  
  20  1:37  Factory  
  22  1:40  Orbital Command  
  21  1:48  Supply Depot  
  21  2:05  Reaper  
  21  2:06  SCV  
  23  2:20  SCV  
  23  2:21  Factory Tech Lab  
  24  2:29  Command Center  
  24  2:38  Barracks Reactor  
  24  2:40  Cyclone  
  24  2:43  SCV  
  28  2:50  Supply Depot  
  28  2:55  SCV  
  28  2:56  Starport  
  29  3:07  SCV  
  30  3:25  SCV  
  30  3:26  Siege Tank  
  34  3:36  Starport Tech Lab  
  34  3:38  SCV, Marine x2  
  34  3:40  Refinery  
  37  3:45  Orbital Command  
  37  3:50  SCV  
  38  3:56  Marine x2  
  38  3:59  Raven  
  38  4:02  SCV  
  43  4:04  Hellion  
  43  4:09  Supply Depot  
  45  4:13  SCV  
  45  4:14  SCV  
  47  4:22  Marine x2  
  49  4:25  SCV  
  49  4:26  SCV  
  48  4:46  SCV  
  48  4:48  Raven, Siege Tank  
  48  4:49  SCV  
  48  4:51  Supply Depot  
  54  4:58  SCV  
  54  4:59  Marine x2  
  55  5:01  SCV  
  55  5:02  Command Center  
  56  5:10  SCV  
  56  5:13  SCV  
  58  5:14  Supply Depot  
  58  5:20  Siege Tank  
  61  5:22  SCV  
  61  5:25  SCV  
  63  5:34  SCV  
  65  5:42  SCV  
  65  5:43  Barracks  
  65  5:44  Barracks  
  65  5:45  Barracks  
  65  5:46  SCV, Barracks  
  65  5:47  Refinery  
  66  5:55  SCV  
  67  5:57  Medivac x2  
  67  5:58  SCV, Marine  
  67  6:00  Stimpack  
  73  6:07  SCV  
  73  6:10  SCV, Supply Depot  
  75  6:14  Supply Depot  
  75  6:16  Orbital Command  
  75  6:23  SCV  
  75  6:24  SCV  
  77  6:25  Siege Tank  
  77  6:26  Marine  
  81  6:36  SCV x2  
  83  6:44  Marine, Medivac  
  83  6:45  Medivac  
  83  6:46  Barracks Reactor x3  
  89  6:47  Barracks Reactor  
  89  6:53  Engineering Bay x2  
  88  6:55  SCV  
  88  6:56  SCV  
  88  6:58  Supply Depot  
  88  6:59  SCV  
  88  7:00  Supply Depot  
  74  7:41  SCV x3  
  74  7:42  Marine x9  
  74  7:44  Siege Tank  
  89  7:53  SCV x3  
  92  8:00  Marine x4  
  92  8:03  Marine  
  92  8:04  Marine x4  
  95  8:05  SCV  
  95  8:06  Medivac x2  
  100  8:16  Siege Tank  
  100  8:18  Marine x4  
  107  8:21  Marine  
  107  8:22  Marine x4  
  87  8:35  Marine  
  87  8:36  Marine x3  
  87  8:38  Medivac x2  
  87  8:39  Marine x5  
  87  8:40  Factory  
  100  8:48  Siege Tank  
  103  8:53  Marine  
  103  8:54  Marine x3  
  103  8:55  Terran Infantry Armor Level 1, Terran Infantry Weapons Level 1  
  105  8:57  Marine x5  
  105  8:59  Armory  
  97  9:11  Marine x4  
  97  9:15  Marine x5  
  109  9:18  Viking x2  
  109  9:20  Siege Tank  
  112  9:29  Marine x4  
  116  9:33  Marine x5  
  116  9:34  Factory Tech Lab  
  106  9:47  Marine x4  
  106  9:48  Viking x2  
  105  9:52  Hellion  
  105  9:58  Marine  
  105  9:59  Marine  
  97  10:00  Marine x3  
  97  10:01  Siege Tank  
  97  10:05  Marine x4  
  108  10:16  Marine  
  108  10:19  Terran Vehicle Weapons Level 1  
  109  10:22  Supply Depot  
  109  10:23  Marine x3, Medivac  
  109  10:24  Cyclone, Supply Depot  
  109  10:25  Supply Depot  
  117  10:43  Siege Tank, Marine, Medivac  
  122  10:55  Marine  
  122  10:56  Siege Tank  
  112  10:59  Marine  
  112  11:00  Marine x6  
  112  11:01  Marine  
  114  11:05  Orbital Command  
  114  11:13  Marine  
  114  11:15  Siege Tank  
  114  11:17  Marine  
  114  11:18  Marine x6  
  125  11:19  Marine  
  126  11:28  Siege Tank  
  126  11:30  SCV  
  126  11:31  SCV x2  
  131  11:43  SCV x3  
  131  11:44  Marine  
  131  11:45  Marine x6  
  136  11:55  SCV  
  136  11:59  Marine x2  
  139  12:01  Siege Tank  
  139  12:02  Siege Tank  
  139  12:04  Marine x3  
  139  12:05  Marine  
  139  12:07  Marine  
  139  12:08  Marine x2  
  139  12:17  Medivac  
  139  12:21  Medivac  
  141  12:25  Marine  
  141  12:27  Marine x7  
  132  12:47  Medivac  
  132  12:50  Medivac  
  132  12:55  Marine x5  
  132  12:56  Marine x4  
  141  13:00  Command Center  
  141  13:18  Marine  
  141  13:19  Terran Infantry Armor Level 2, Terran Infantry Weapons Level 2  
  141  13:29  Supply Depot  
  141  13:30  Supply Depot x2  
  141  13:32  Marine x5  
  141  13:39  Marine x2  
  137  13:52  Marine x4  
  137  13:53  Marine x2  
  133  14:04  Marine x3  
  136  14:10  Marine x5, Medivac x2  
  140  14:31  Marine x4  
  140  14:32  Marine  
  140  14:34  Planetary Fortress  
  140  14:38  Marine x4  
  149  14:43  Missile Turret x2  
  139  14:49  Missile Turret, Marine x3  
  139  14:52  Marine x2  
  140  14:55  Marine  
  140  14:56  Marine x3  
  140  14:57  SCV x2  
  146  15:06  SCV  
  147  15:09  SCV x2  
  147  15:12  Marine  
  147  15:13  Marine x3  
  153  15:18  SCV  
  146  15:38  Refinery  
  146  15:39  Marine  
  146  15:40  Marine  
  148  15:44  Marine x7, Command Center  
  151  15:54  Viking x2  
  133  15:57  Marine  
  133  15:58  Marine  
Show
View Real Time Build Order
Export as new Build Order

général Terran - Winner!

Build Orders: Gas First Reaper Expand 

Get SALT Encoding   

  12  0:00  SCV  
  13  0:13  SCV  
  14  0:17  Supply Depot  
  14  0:25  SCV  
  14  0:28  Refinery  
  15  0:39  SCV  
  16  0:47  Barracks  
  16  0:51  SCV  
  17  1:03  SCV  
  18  1:15  SCV  
  19  1:33  Orbital Command  
  19  1:34  Reaper  
  20  1:44  Command Center  
  20  1:53  Factory  
  20  2:00  Refinery  
  20  2:02  SCV  
  20  2:08  Barracks Reactor  
  21  2:14  SCV  
  22  2:16  Supply Depot  
  22  2:26  SCV  
  23  2:38  SCV, Factory Tech Lab  
  23  2:42  Starport  
  24  2:45  Marine x2  
  24  2:50  SCV  
  27  2:58  Orbital Command  
  27  3:01  Siege Tank  
  27  3:04  SCV  
  31  3:13  Marine  
  31  3:14  Marine  
  31  3:16  SCV  
  34  3:27  SCV  
  34  3:28  SCV  
  34  3:31  Marine  
  34  3:32  Marine  
  34  3:33  Starport Tech Lab  
  38  3:36  Siege Tank, Supply Depot  
  38  3:40  SCV x2  
  43  3:49  Marine x2  
  43  3:52  SCV  
  46  3:57  SCV  
  46  3:58  Refinery  
  46  3:59  Supply Depot  
  47  4:04  SCV  
  50  4:16  SCV  
  49  4:17  SCV  
  50  4:27  Command Center  
  50  4:28  SCV  
  50  4:29  SCV  
  49  4:40  SCV  
  49  4:41  SCV  
  51  4:52  SCV  
  52  4:53  SCV  
  53  5:00  Stimpack, Siege Tank, Medivac x2  
  53  5:04  SCV  
  53  5:06  SCV, Supply Depot x2  
  62  5:16  Engineering Bay  
  62  5:19  Engineering Bay  
  62  5:21  Refinery  
  62  5:27  Marine  
  62  5:28  SCV x2, Barracks  
  65  5:31  Barracks  
  65  5:40  SCV x2  
  67  5:43  Orbital Command  
  67  5:45  Terran Infantry Weapons Level 1  
  67  5:46  Terran Infantry Armor Level 1  
  67  5:52  SCV x2  
  69  5:59  Siege Tank  
  72  6:04  SCV x2  
  74  6:11  Barracks  
  74  6:12  Barracks  
  74  6:16  SCV x2  
  76  6:18  Barracks Reactor  
  76  6:19  Barracks Reactor  
  76  6:20  Marine  
  76  6:22  SCV  
  76  6:28  SCV x2  
  76  6:34  SCV  
  76  6:38  Siege Tank, Marine  
  78  6:40  SCV x2  
  78  6:46  SCV  
  80  6:47  Viking  
  80  6:52  SCV x2  
  84  6:54  Marine  
  84  6:55  Marine  
  84  6:58  SCV  
  84  7:00  Combat Shield  
  87  7:03  Missile Turret  
  87  7:04  Missile Turret, SCV x2  
  87  7:08  Barracks Reactor x2, Marine  
  89  7:09  Armory, Marine  
  89  7:10  SCV  
  89  7:13  Siege Tank  
  93  7:17  SCV  
  93  7:18  SCV  
  93  7:22  SCV  
  93  7:29  SCV  
  92  7:30  SCV  
  92  7:34  SCV  
  91  7:38  Marine x2  
  91  7:41  Refinery  
  91  7:42  Refinery  
  93  7:44  Factory  
  93  7:45  Supply Depot x2  
  93  7:46  Supply Depot  
  93  8:03  Marine  
  93  8:05  Marine  
  93  8:07  SCV, Marine x4, Medivac x2  
  93  8:09  SCV  
  93  8:10  Marine  
  101  8:15  SCV, Marine  
  101  8:18  Supply Depot x2  
  101  8:19  Supply Depot  
  94  8:32  SCV x2  
  94  8:34  Marine x7  
  89  8:35  Marine x2  
  89  8:39  SCV  
  98  8:41  Factory Tech Lab  
  98  8:44  SCV  
  95  8:51  Marine  
  95  8:52  Marine x4  
  95  8:54  SCV x2, Marine  
  95  8:55  Terran Infantry Armor Level 2, Marine x2, Terran Infantry Weapons Level 2  
  97  8:56  SCV  
  90  9:04  Marine  
  90  9:09  SCV, Marine x3  
  92  9:10  SCV, Marine x2  
  92  9:13  SCV  
  92  9:15  Marine  
  98  9:33  SCV x2  
  98  9:34  SCV  
  101  9:40  Marine x2  
  101  9:41  Marine  
  101  9:45  SCV  
  103  9:47  Marine x3  
  103  9:48  Marine x2  
  103  9:50  SCV x2  
  108  9:57  SCV  
  102  10:00  Viking x2  
  102  10:01  Marine x2  
  102  10:02  SCV x2  
  110  10:09  SCV  
  110  10:10  Siege Tank  
  113  10:14  SCV  
  113  10:15  SCV  
  113  10:16  Marine  
  116  10:21  SCV  
  116  10:26  SCV  
  117  10:32  SCV  
  117  10:34  SCV  
  118  10:36  Viking x2  
  118  10:40  Siege Tank  
  118  10:41  SCV  
  126  10:53  SCV x2  
  123  11:02  SCV  
  124  11:05  SCV  
  125  11:15  Siege Tank x2, Marine x3  
  125  11:16  Marine x3  
  125  11:18  Terran Infantry Armor Level 3, Terran Infantry Weapons Level 3  
  137  11:19  SCV  
  137  11:20  SCV  
  137  11:22  Command Center  
  137  11:24  SCV  
  135  11:29  Marine x2  
  135  11:30  Marine  
  135  11:32  SCV x2  
  140  11:33  Marine  
  141  11:45  Supply Depot x2  
  141  11:47  Supply Depot  
  141  11:52  SCV, Medivac  
  141  11:53  Marine, Medivac  
  139  11:56  Marine x4  
  133  12:03  Marine x3  
  133  12:07  Marine  
  133  12:08  Siege Tank x2  
  137  12:09  SCV  
  137  12:11  Marine  
  137  12:13  Marine x2  
  137  12:14  Marine  
  142  12:20  SCV, Marine  
  142  12:21  Marine x2  
  146  12:25  Medivac x2  
  144  12:35  SCV x2  
  144  12:36  Orbital Command  
  145  12:37  SCV  
  145  12:39  Starport  
  145  12:40  Marine x3  
  145  12:43  Siege Tank x2  
  155  12:47  SCV x2  
  155  12:49  SCV, Marine x2  
  155  12:50  Marine x4  
  157  12:55  Medivac  
  159  12:59  SCV x2  
  159  13:01  SCV  
  162  13:15  Siege Tank x2  
  162  13:17  Marine x2  
  162  13:18  Marine x6  
  176  13:22  Marine  
  177  13:28  Viking  
  177  13:31  Starport Tech Lab  
  179  13:35  Marine  
  179  13:38  Viking  
  175  13:45  Marine  
  175  13:46  Marine  
  175  13:47  Siege Tank x2  
  163  13:56  Marine x2  
  163  13:59  SCV x2  
  161  14:15  SCV, Marine x4  
  161  14:16  Marine  
  167  14:19  Siege Tank x2  
  167  14:21  SCV, Marine x3  
  167  14:22  Marine  
  178  14:29  SCV  
  179  14:33  Marine  
  179  14:34  Supply Depot x2  
  179  14:36  Supply Depot  
  180  14:38  Liberator x3  
  180  14:51  Marine x2  
  178  14:53  SCV x2  
  189  15:16  Supply Depot  
  189  15:19  Supply Depot  
  189  15:21  Barracks x2, Liberator x3  
  189  15:23  Barracks  
  189  15:24  Fusion Core  
  189  15:25  Refinery  
  198  15:52  Marine x3  
  198  15:54  Marine x6  
  179  16:10  Marine x3  
Tags
 
Add a new tag
Caveats
  • Supply blocks, unpowered buildings, or Contaminate may cause inaccurate times.
  • Supply counts are checked every 10 seconds.